 Dungeon Crawl Stone Soup version 0.27-a0-1559-g299f9947c5 (webtiles) character file.

Game seed: 4238338570097185715

5469 Delamore the Carver (level 11, -1/71 HPs)
             Began as a Formicid Fighter on July 16, 2021.
             Was an Elder of Qazlal.
             Slain by an orc warrior (16 damage)
             ... on level 9 of the Dungeon.
             The game lasted 00:10:53 (8755 turns).

Delamore the Carver (Formicid Fighter)              Turns: 8755, Time: 00:10:54

Health: -1/71      AC:  8    Str: 28    XL:     11   Next: 0%
Magic:  11/11      EV:  9    Int:  8    God:    Qazlal [****..]
Gold:   256        SH: 15    Dex: 14    Spells: 10/10 levels left

rFire    + . .     SeeInvis +   w - +11 triple sword of Focus {vorpal, Str+4 Stlth+}
rCold    + . .     Faith    .   c - +0 kite shield
rNeg     . . .     Spirit   .   l - +2 ring mail {rC+}
rPois    .         Reflect  .   (helmet unavailable)
rElec    .         Harm     .   i - +0 cloak
rCorr    .         Rampage  .   (no gloves)
Will     +....                  (no boots)
Stlth    +.........             p - amulet of the Saviour {+Inv rF+ Regen+ Dex+4}
HPRegen  1.21/turn              (no ring)
MPRegen  0.12/turn              (no ring)

@: repel missiles
A: permanent stasis, dig shafts and tunnels, antennae 3, four strong arms, frail
1, evolution 1, no potion heal 1, MP-powered wands
a: Dig, Shaft Self, Renounce Religion, Evoke Invisibility, Upheaval, Elemental
Force


You were on level 9 of the Dungeon.
You worshipped Qazlal.
Qazlal was greatly pleased with you.
You visited 1 branch of the dungeon, and saw 9 of its levels.
You also visited: Sewer and Ossuary.

You collected 379 gold pieces.
You spent 123 gold pieces at shops.

Inventory:

Hand Weapons
 a - a +1 long sword
 w - the +11 triple sword of Focus (weapon) {vorpal, Str+4 Stlth+}
   (You acquired it on level 6 of the Dungeon)

   It inflicts extra damage upon your enemies.
   Str:       It affects your strength (+4).
   Stlth:     It makes you more stealthy.
Missiles
 j - 8 boomerangs (quivered)
Armour
 b - a +0 scale mail
 c - a +0 kite shield (worn)
 i - a +0 cloak (worn)
 l - a +2 ring mail of cold resistance (worn)
Jewellery
 p - the amulet of the Saviour (around neck) {+Inv rF+ Regen+ Dex+4}
   (You acquired it on level 6 of the Dungeon)

   [amulet of regeneration]

   Dex:       It affects your dexterity (+4).
   rF:        It protects you from fire.
   +Inv:      It lets you turn invisible.
   Regen:     It increases your rate of health regeneration.
 A - an amulet of magic regeneration
 B - an amulet of regeneration
 C - a +6 ring of strength
Wands
 k - a wand of iceblast (21)
 r - a wand of charming (5)
 D - a wand of acid (11)
 E - a wand of polymorph (6)
 J - a wand of paralysis (9)
Scrolls
 m - 4 scrolls of teleportation
 q - a scroll of amnesia
 x - a scroll of summoning
 y - a scroll of fear
 G - a scroll of fog
 H - a scroll of magic mapping
 I - a scroll of brand weapon {unknown}
 K - 3 scrolls of immolation {unknown}
 L - a scroll of identify
Potions
 d - 3 potions of might
 e - 2 potions of attraction
 f - a potion of brilliance
 g - 3 potions of cancellation
 h - a potion of haste
 n - 7 potions of curing
 o - a potion of berserk rage
 s - 6 potions of flight
 t - a potion of resistance
 u - a potion of heal wounds
 v - a potion of degeneration
 z - a potion of ambrosia
 F - 3 potions of lignification {unknown}


   Skills:
 - Level 5.0 Fighting
 * Level 14.6 Long Blades
 - Level 3.2 Armour
 - Level 3.6 Shields


You had 10 spell levels left.
You didn't know any spells.
Your spell library contained the following spells:

 Spells                   Type           Power      Damage    Failure   Level
 Beastly Appendage        Tmut           0%         N/A       90%         1
 Slow                     Hex            0%         N/A       97%         2
 Wereblood                Tmut           0%         N/A       97%         2
 Confusing Touch          Hex            0%         N/A       99%         3
 Spider Form              Tmut/Pois      0%         N/A       99%         3
 Vampiric Draining        Necr           0%         2d6       99%         3
 Chain Lightning          Conj/Air       0%         N/A       100%        9
 Fire Storm               Conj/Fire      0%         5d1       100%        9


Dungeon Overview and Level Annotations

Branches:
Dungeon (9/15)               Lair (0/6) D:8           Sewer (visited)
Ossuary (visited)
 Temple: D:4-7          Orc: D:9-12

Altars:
Cheibriados
Hepliaklqana
Kikubaaqudgha
Qazlal
Sif Muna
Trog
Vehumet

Shops:
D:8 *   D:9 (

Annotations:
D:5 2 transporters, Pikel; fly's ghost, weakling HuDe
D:7 2 runed translucent doors, haraldwagner's ghost, novice TrBe


Innate Abilities, Weirdness & Mutations

You cannot be hasted, slowed, berserked, paralysed or teleported.
You can dig through walls and to a lower floor.
You have a pair of large antennae on your head. (SInv)
Your four strong arms can wield two-handed weapons with a shield.
You are frail. (-10% HP)
You evolve.
Potions are less effective at restoring your health.
You expend magic power (3 MP) to strengthen your wands.


Message History

The orc barely misses you. x2; The orc wizard barely misses you.
The orc warrior hits you from afar with a +2 vampiric halberd!
You block the orc's attack.
You are too injured to fight recklessly!
There are monsters nearby!
Okay, then.
Okay, then.
You fail to use your ability.
The orc wizard barely misses you.
You riposte.
You completely miss the orc wizard. You block the orc warrior's attack. x2
The orc hits you but does no damage.
You extend your mandibles.
You dig through the rock wall.
You block the orc warrior's attack. The orc closely misses you.
You dig through the rock wall.
The orc wizard mumbles some strange words.
The orc wizard flickers and vanishes for a moment.
You dig through the rock wall.
You swing at nothing.
The orc warrior hits you with a +0 war axe!
You slice the orc warrior!!
You kill the orc warrior!
Qazlal accepts your kill.
You swing at nothing.
You slice the orc wizard!!
You kill the orc wizard!
Qazlal accepts your kill.
The orc wizard hits you but does no damage.
You have reached level 11!
You slice the orc wizard!!
You kill the orc wizard!
Qazlal accepts your kill.
The storm surrounding you is now powerful enough to repel missiles.
You will now adapt resistances upon receiving elemental damage.
You closely miss the orc warrior.
The orc warrior hits you with a +2 vampiric halberd.
The orc warrior hits you with a +2 vampiric halberd!
* * * LOW HITPOINT WARNING * * *
You barely miss the orc warrior.
The orc warrior hits you with a +2 vampiric halberd!
You die...

#.###.###8## ...#...#...##
.......o....## ......)).....#
....oo...o.).# ...#..{#...#.#
##{#{#8##)# ####
############o###.# ##.#
#.##.##.# #@####.# ≈≈ ##.#
#.##.##.#######).##≈≈≈≈ ##.#
#>##.##..####.#...≈≈≈≈≈# ##.#
#.##.##.#...(#..##≈≈≈≈≈#
#..###.##.##..##.###...≈≈≈≈.<
.∩................#...#≈≈≈≈##
##################.##........
## ########


You could see an orc warrior.

Vanquished Creatures
  A two-headed ogre (D:9)
  A centaur zombie (D:7)
  A kobold demonologist (D:9)
  A hornet (D:9)
  6 slime creatures (D:8)
  Sigmund (D:3)
  2 wraiths
  A water moccasin (D:8)
  A sky beast (D:7)
  3 orc warriors (D:9)
  2 ice beasts
  Purgy (D:3)
  An ogre (D:5)
  A necrophage (D:3)
  2 centaurs
  A lemure (D:6)
  A kobold brigand (Sewer)
  A bullfrog (D:7)
  A water moccasin skeleton (D:5)
  5 wights (D:9)
  Crazy Yiuf (D:3)
  A jelly (D:8)
  3 orc priests
  4 hounds
  Ijyb (D:3)
  An iguana (D:4)
  12 orc wizards
  A mummy (Ossuary)
  A howler monkey zombie (D:9)
  Robin (D:3)
  A howler monkey skeleton (D:6)
  8 adders
  7 gnolls
  A river rat (Sewer)
  2 shadow imps
  An ufetubus (D:4)
  2 worms
  2 dart slugs
  31 orcs
  6 endoplasms
  4 giant cockroaches
  9 goblins
  10 hobgoblins
  5 jackals
  5 quokkas
  5 ball pythons
  6 bats
  3 frilled lizards
  5 gnoll skeletons (Ossuary)
  2 hobgoblin zombies (D:7)
  9 kobolds
  5 kobold skeletons (Ossuary)
  15 orc skeletons (Ossuary)
  8 rats
212 creatures vanquished.

Notes
Turn   | Place    | Note
-------+----------+-------------------------------------------
     0 | D:1      | Delamore the Formicid Fighter began the quest for the Orb.
     0 | D:1      | Reached XP level 1. HP: 18/18 MP: 1/1
   271 | D:1      | Reached XP level 2. HP: 24/24 MP: 2/2
   742 | D:1      | Reached XP level 3. HP: 30/30 MP: 3/3
   794 | D:1      | Reached skill level 3 in Long Blades
  1296 | D:2      | Found a faded altar of an unknown god.
  1441 | D:2      | Reached XP level 4. HP: 37/37 MP: 4/4
  1910 | D:3      | Noticed Ijyb
  1926 | D:3      | Killed Ijyb
  2006 | D:3      | Reached skill level 4 in Long Blades
  2026 | D:3      | Reached XP level 5. HP: 18/43 MP: 5/5
  2307 | D:3      | Noticed a necrophage
  2320 | D:3      | Killed a necrophage
  2321 | D:3      | Reached XP level 6. HP: 32/49 MP: 6/6
  2592 | D:3      | Noticed Purgy
  2613 | D:3      | Killed Purgy
  2614 | D:3      | Reached skill level 5 in Fighting
  2614 | D:3      | Reached skill level 5 in Long Blades
  2787 | D:3      | Found a stormy altar of Qazlal.
  2808 | D:3      | Became a worshipper of Qazlal Stormbringer
  2833 | D:3      | Noticed Sigmund
  2855 | D:3      | Gained mutation: You sometimes lose the ability to read
                  | scrolls when taking damage. [potion of mutation]
  2860 | D:3      | Killed Sigmund
  2861 | D:3      | Reached skill level 6 in Long Blades
  2861 | D:3      | Reached XP level 7. HP: 18/56 MP: 7/7
  3227 | D:3      | Noticed Robin
  3238 | D:3      | Killed Robin
  3338 | D:3      | Found a runed translucent door.
  3339 | D:3      | Noticed Crazy Yiuf
  3471 | D:3      | Found a faded altar of an unknown god.
  3473 | D:3      | Found a hazy altar of Hepliaklqana.
  3565 | D:3      | Killed Crazy Yiuf
  3872 | D:4      | Reached skill level 7 in Long Blades
  4238 | D:4      | Reached * piety under Qazlal
  4493 | D:4      | Reached XP level 8. HP: 60/62 MP: 8/8
  4584 | D:4      | Identified the +0 barding of Joidanlemu {+Blink Dex+6}
  4868 | D:5      | Entered Level 5 of the Dungeon
  4971 | D:5      | Found a transporter.
  4995 | D:5      | Reached skill level 8 in Long Blades
  5262 | D:5      | Noticed fly's ghost (weakling HuDe)
  5266 | D:5      | Found a transporter.
  5675 | D:5      | Noticed Pikel
  5702 | D:6      | HP: 3/62 [lemure[Pikel] (7)]
  5943 | D:6      | Found a glowing drain.
  5946 | D:6      | Reached skill level 9 in Long Blades
  5949 | Sewer    | Entered a sewer
  6198 | Sewer    | Found a white marble altar of Elyvilon.
  6890 | D:6      | Identified 2 scrolls of acquirement
  6892 | D:6      | Acquired the amulet of the Saviour {+Inv rF+ Regen+ Dex+4}
  6901 | D:6      | Acquired the +11 triple sword of Focus {vorpal, Str+4
                  | Stlth+}
  6965 | D:7      | Found a sand-covered staircase.
  6971 | D:7      | Reached ** piety under Qazlal
  6980 | D:7      | Reached skill level 10 in Long Blades
  6980 | D:7      | Reached XP level 9. HP: 68/68 MP: 9/9
  6982 | Ossuary  | Entered an ossuary
  7117 | Ossuary  | Lost mutation: You sometimes lose the ability to read
                  | scrolls when taking damage. [potion of mutation]
  7117 | Ossuary  | Gained mutation: You are frail. (-10% HP) [potion of
                  | mutation]
  7117 | Ossuary  | Gained mutation: Potions are less effective at restoring
                  | your health. [potion of mutation]
  7117 | Ossuary  | Gained mutation: You evolve. [potion of mutation]
  7208 | D:7      | Reached skill level 11 in Long Blades
  7301 | D:7      | Found a large runed translucent door.
  7302 | D:7      | Found a large runed translucent door.
  7302 | D:7      | Noticed haraldwagner's ghost (novice TrBe)
  7399 | D:7      | Found a bloodstained altar of Trog.
  7702 | D:7      | Gained mutation: You expend magic power (3 MP) to
                  | strengthen your wands. [evolution]
  7731 | D:8      | Reached *** piety under Qazlal
  7797 | D:8      | Found a staircase to the Lair.
  7832 | D:8      | Noticed a slime creature
  7833 | D:8      | Noticed a slime creature
  7835 | D:8      | Found Qotushol's General Store.
  7835 | D:8      | Noticed a slime creature
  7836 | D:8      | Noticed a slime creature
  7839 | D:8      | Killed a slime creature
  7840 | D:8      | Reached skill level 12 in Long Blades
  8014 | D:8      | Found a snail-covered altar of Cheibriados.
  8033 | D:8      | Noticed a slime creature
  8043 | D:8      | Killed a slime creature
  8044 | D:8      | Reached XP level 10. HP: 20/66 MP: 10/10
  8085 | D:8      | Noticed a death knight
  8090 | D:8      | Noticed an eight-headed hydra
  8091 | D:8      | Noticed a boulder beetle
  8097 | D:8      | Noticed an unseen horror
  8099 | D:8      | Bought a potion of might for 52 gold pieces
  8099 | D:8      | Bought a scroll of fog for 26 gold pieces
  8099 | D:8      | Bought a scroll of magic mapping for 45 gold pieces
  8210 | D:8      | Found a shimmering blue altar of Sif Muna.
  8249 | D:8      | Reached skill level 13 in Long Blades
  8379 | D:9      | Noticed a kobold demonologist
  8383 | D:9      | Killed a kobold demonologist
  8383 | D:9      | Noticed a two-headed ogre
  8534 | D:9      | Killed a two-headed ogre
  8535 | D:9      | Reached skill level 14 in Long Blades
  8642 | D:9      | Found an ancient bone altar of Kikubaaqudgha.
  8666 | D:9      | Found a radiant altar of Vehumet.
  8690 | D:9      | Found Liarooni's Antique Weapon Boutique.
  8753 | D:9      | Reached XP level 11. HP: 29/71 MP: 11/11
  8753 | D:9      | Reached **** piety under Qazlal
  8755 | D:9      | Slain by an orc warrior

Illustrated notes

Levels and vault maps discovered:
D:1:      lemuel_arrival_lava_pool, layout_basic, minmay_crystal_room,
          chequers_serial_rivers_micro_d, minmay_pentomino_x2
D:2:      minmay_chambers_of_ones, layout_rooms,
          shapermc_ecumenical_altar_mp_vishouse, minmay_misc_feat_columns
D:3:      layout_loops_ring, grunt_qazlal_sundering,
          beargit_hepliaklqana_dungeon_heroes, uniq_crazy_yiuf_cottage,
          uniq_ijyb, uniq_sigmund, uniq_purgy, uniq_robin
D:4:      layout_basic
D:5:      layout_loops_cross, temple_fountains, gammafunk_ghost_arena,
          uniq_pikel
D:6:      layout_loops_cross, portal_sewer_entry_d
D:7:      layout_rooms, mainiacjoe_overflow_paths, ebering_ghost_disaster_area,
          enter_ossuary_3
D:8:      layout_rooms, mainiacjoe_overflow_24_doors, kennysheep_mini,
          dpeg_oklobed_lair, serial_shops, shop,
          onia_ninara_dug_in_and_dangerous
D:9:      wander_river, layout_loops_ring, old_standard_altar,
          mainiacjoe_overflow_cross_hatched, david_orc_4, serial_shops, shop,
          minmay_diamond_spiral

Skill      XL: |  1  2  3  4  5  6  7  8  9 10 |
---------------+-------------------------------+-----
Long Blades    | 3 4 6 7 10 12 14 | 14.6
Fighting       | 4 5 |  5.0
Armour         | |  3.2
Shields        | |  3.6

Action                   |  1- 3 |  4- 6 |  7- 9 | 10-12 || total
-------------------------+-------+-------+-------+-------++-------
Melee: Long sword        |   126 |   129 |   272 |       ||   527
       Triple sword      |       |       |    90 |    43 ||   133
Throw: Boomerang         |       |       |       |    85 ||    85
       Dart              |       |       |       |    32 ||    32
 Abil: Dig               |       |       |     2 |     1 ||     3
Evoke: Wand              |       |     2 |     2 |       ||     4
  Use: Scroll            |     2 |     3 |    14 |       ||    19
       Potion            |       |     3 |     1 |       ||     4
Armor: Scale mail        |    48 |    15 |       |       ||    63
       Ring mail         |       |    42 |   138 |    15 ||   195
Dodge: Dodged            |    51 |    54 |   112 |    19 ||   236
Block: Kite shield       |    70 |    79 |   230 |    43 ||   422
       Rpst.: Long sword |    15 |     8 |    17 |       ||    40
       Triple sword      |       |       |     8 |     5 ||    13

Table legend: (Time is in decaauts)
 A = Elapsed time spent in this place.
 B = Non-inter-level travel time spent in this place.
 C = Inter-level travel time spent in this place.
 D = Time resting spent in this place.
 E = Time spent auto-exploring this place.
 F = Levels seen in this place.
 G = Mean time per level.
                   A        B        C        D        E       F      G
               +--------+--------+--------+--------+--------+-----+--------+
         Total |   9043 |   8778 |    265 |   1632 |   5285 |  11 |  822.1 |
       Dungeon |   8481 |   8216 |    265 |   1632 |   4889 |   9 |  942.3 |
         Sewer |    355 |    355 |      0 |      0 |    282 |   1 |  355.0 |
       Ossuary |    207 |    207 |      0 |      0 |    114 |   1 |  207.0 |
               +--------+--------+--------+--------+--------+-----+--------+

Top non-repeatable levels by time:
     D:3: 2198 daAuts
     D:1: 1036 daAuts
     D:2: 938 daAuts
     D:6: 920 daAuts
     D:5: 837 daAuts
     D:4: 817 daAuts
     D:7: 736 daAuts
     D:8: 585 daAuts
     D:9: 410 daAuts
   Sewer: 355 daAuts
 Ossuary: 207 daAuts
